Description

scout with the oracle.And do adept pressure with resonating glaives. the oracle can confuse the Zerg and forcing out hydra ... GG

If the zerg has spine crowler and a lot of gas extractors, prepare for mutas ( you has stargate and can do stalkers)

Replay - ShoWTimE v Snute: Game 5 - King Sejong Station LE

Build Order

Get SALT Encoding   

  12  0:01  Probe (Chrono Boost)  
  13  0:12  Probe (Chrono Boost)  
  14  0:19  Pylon  
  14  0:22  Probe (Chrono Boost)  
  15  0:37  Probe (Chrono Boost)  
  15  0:41  Gateway  
  16  0:44  Assimilator  
  16  0:48  Probe (Chrono Boost)  
  17  0:58  Probe (Chrono Boost)  
  18  1:09  Probe (Chrono Boost)  
  19  1:22  Nexus  
  19  1:25  Probe (Chrono Boost)  
  20  1:35  Cybernetics Core  
  20  1:38  Probe (Chrono Boost)  
  21  1:43  Assimilator  
  21  1:49  Probe (Chrono Boost)  
  21  1:52  Pylon  
  22  1:59  Probe (Chrono Boost)  
  23  2:08  Adept  
  23  2:12  Probe (Chrono Boost), Warp Gate  
  27  2:24  Probe (Chrono Boost)  
  27  2:33  Zealot  
  27  2:34  Stargate  
  27  2:35  Probe (Chrono Boost)  
  27  2:36  Probe (Chrono Boost)  
  31  2:45  Probe (Chrono Boost)  
  31  2:48  Probe (Chrono Boost)  
  33  2:56  Mothership Core (Chrono Boost)  
  35  2:59  Probe (Chrono Boost)  
  36  3:10  Probe (Chrono Boost)  
  37  3:15  Probe (Chrono Boost), Oracle  
  37  3:17  Gateway x2  
  38  3:20  Probe (Chrono Boost)  
  43  3:27  Probe (Chrono Boost)  
  43  3:28  Pylon  
  43  3:31  Probe (Chrono Boost)  
  44  3:40  Probe (Chrono Boost), Pylon  
  45  3:41  Probe (Chrono Boost)  
  45  3:47  Phoenix  
  46  3:52  Probe x2 (Chrono Boost)  
  52  4:02  Probe (Chrono Boost)  
  52  4:04  Probe (Chrono Boost)  
  52  4:06  Nexus  
  52  4:13  Probe (Chrono Boost), Pylon  
  52  4:16  Probe (Chrono Boost)  
  54  4:26  Twilight Council  
  54  4:28  Assimilator, Forge  
  54  4:41  Adept x3  
  54  4:43  Pylon  
  60  4:47  Robotics Facility, Protoss Ground Weapons Level 1  
  60  4:49  Resonating Glaives  
  60  4:55  Gateway  
  60  4:58  Gateway  
  60  5:06  Probe x2 (Chrono Boost)  
  62  5:10  Adept x2  
  66  5:21  Gateway  
  66  5:23  Gateway  
  66  5:25  Gateway  
  66  5:30  Probe x3 (Chrono Boost), Warp Prism  
  71  5:41  Adept x2  
  75  5:44  Adept  
  77  5:51  Pylon  
  77  5:54  Pylon  
  77  6:01  Adept x2  
  77  6:02  Adept x2  
  85  6:05  Adept  
  85  6:09  Pylon  
  87  6:25  Adept x7  
  97  6:28  Adept  
  103  6:34  Pylon  
  97  6:48  Adept x2  
  97  6:49  Adept x2  
  97  6:50  Adept  
  97  6:51  Adept x2  
  102  6:55  Adept  
  94  7:11  Adept x4  
  94  7:12  Adept x3  
  106  7:19  Adept  
  106  7:34  Adept x3  
  106  7:35  Adept x4  
  108  7:48  Adept, Protoss Ground Weapons Level 2  
  108  7:51  Probe x3 (Chrono Boost), Pylon  
  111  7:57  Immortal  
  109  8:04  Robotics Facility  
  116  8:05  Probe x2 (Chrono Boost)  
  116  8:07  Probe (Chrono Boost)  
  114  8:24  Probe x3 (Chrono Boost)  
  114  8:25  Adept x4  
  114  8:26  Adept x3  
  131  8:31  Adept  
  133  8:46  Adept  
  133  8:51  Probe x2 (Chrono Boost)  
  133  8:52  Assimilator  
  133  8:57  Probe (Chrono Boost), Assimilator  
  133  9:00  Pylon  
  133  9:02  Pylon  
  132  9:09  Immortal x2  
  130  9:23  Adept, Sentry  
  130  9:24  Adept x2  
  138  9:26  Pylon x2  
  138  9:27  Pylon  
  136  9:43  Immortal x2  
  132  9:51  Nexus  
  128  9:53  Pylon  
  128  10:01  Pylon, Assimilator  
  128  10:03  Probe x3 (Chrono Boost), Adept x3, Sentry x2  
  141  10:14  Photon Cannon  
  141  10:17  Immortal  
  141  10:20  Immortal  
  141  10:22  Pylon, Adept x3  
  155  10:33  Probe x2 (Chrono Boost)  
  157  10:43  Sentry x3  
  157  10:44  Adept x2  
  167  10:52  Immortal  
  171  10:57  Immortal  
  171  11:00  Adept x2  
  171  11:01  Adept  
  181  11:16  Photon Cannon  
Spawning Tool Build Advisor. Get it on Overwolf

Analysis

scout with the oracle. Starting adept presure min 6:00. Before having the prism for reinforcements, forze the zerg with the shadow to prevent drone.After attacks and transitions to immortal with sentryes. You can also improve Blink and do blink disruptor if you want. Another variant of this build would make dark sanctuary, while the first attack of adepts and send 3 DT to third base zerg

Go to:

Details

  • Created by: Zeruell
  • Published on: Sep 15, 2016
  • Modified on: Sep 15, 2016
  • Patch: Pre-3.8.0
Show
View Real Time Build Order
Export as new Build Order

Comments (0)

There are no comments. Be the first!

Create an account to comment!